 Dungeon Crawl Stone Soup version 0.29.0-4-gdea44cf6ec (webtiles) character file.

Game seed: 7907512165479889116

2 qw the Sneak (level 1, 0/14 HPs)
             Began as a Gargoyle Delver on Sept 10, 2022.
             Slain by a black bear (4 damage)
             ... on level 4 of the Dungeon.
             The game lasted 00:00:05 (690 turns).

qw the Sneak (Gargoyle Delver)                       Turns: 690, Time: 00:00:05

Health: 0/14       AC:  5    Str: 15    XL:     1   Next: 30%
Magic:  1/1        EV: 11    Int: 10    God:
Gold:   14         SH:  0    Dex: 11    Spells: 0/0 levels left

rFire   . . .      SeeInvis .   a - +0 hand axe
rCold   . . .      Faith    .   (no shield)
rNeg    + . .      Spirit   .   b - +0 leather armour
rPois   inf        Reflect  .   (no helmet)
rElec   +          Harm     .   (no cloak)
rCorr   .          Rampage  .   (no gloves)
Will    .....                   (no boots)
Stlth   +++.......              (no amulet)
HPRegen 0.04/turn               (no ring)
MPRegen 0.07/turn               (no ring)

@: no status effects
A: sickness immunity, AC +2, negative energy resistance 1, electricity
resistance, torment resistance 1, petrification resistance
a: no special abilities


You were on level 4 of the Dungeon.
You visited 1 branch of the dungeon, and saw 2 of its levels.

You collected 14 gold pieces.


Innate Abilities, Weirdness & Mutations

You are immune to sickness and miasma.
Your stone body is resilient. (AC +2)
You are immune to poison.
You resist negative energy. (rN+)
You are resistant to electric shocks. (rElec)
You are resistant to unholy torment.
You are immune to petrification.


   Skills:
 - Level 3.2 Fighting
 + Level 2.0 Axes
 - Level 1.5 Dodging
 - Level 5.4 Stealth


You couldn't memorise any spells.
You didn't know any spells.
Your spell library was empty.

Inventory:

Hand Weapons
 a - a +0 hand axe (weapon)
 c - a +0 flail
Armour
 b - a +0 leather armour (worn)
Wands
 g - a wand of digging (3)
Potions
 f - a potion of haste

Dungeon Overview and Level Annotations

Branches:
Dungeon (5/15)
 Temple: D:4-7

Altars:
Kikubaaqudgha
Ru


Message History

You see here a +0 flail.
339 ||| Stepping ~*~*~tactically~*~*~ (hiding).
You start waiting.
Done waiting.
The orc shouts!
c - a +0 flail
Found 16 gold pieces.
Found an ancient bone altar of Kikubaaqudgha.
The orc closely misses you.
You closely miss the orc. The orc hits you with a +0 trident.
You barely miss the orc. The orc hits you but does no damage.
You slash the orc!
The orc is almost dead.
The orc completely misses you. The orc barely misses you.
You closely miss the orc.
The orc is almost dead.
The orc hits you with a +0 trident.
You hit the orc.
You kill the orc!
Your Axes skill increases to level 2!
You start resting.
HP restored.
A black bear comes into view.
You see here a +0 buckler.
The black bear growls angrily.
You hit the black bear.
The black bear is lightly wounded.
The black bear bites you.
The black bear claws you but does no damage.
The black bear claws you.
You hit the black bear.
The black bear is moderately wounded.
The black bear bites you.
The black bear claws you but does no damage. x2
You hit the black bear but do no damage.
The black bear is moderately wounded.
The black bear bites you.
You die...

######## #......######
#...........#
#..########.## #>.#
...##...###
#..#._.....)...#
#..#.~.......#.#
#..#..~~~~~~.#@#
#..##...~~~....h......
#..##...~~~..####.....
#..#...~~~~~.# ....
#....}.$.~...# .##
.......## #E #.## # #.


You could see a water elemental and a black bear.

Vanquished Creatures
  An orc (D:4)
1 creature vanquished.

Notes
Turn   | Place    | Note
-------+----------+-------------------------------------------
     0 | D:5      | qw the Gargoyle Delver began the quest for the Orb.
     0 | D:5      | Reached XP level 1. HP: 14/14 MP: 1/1
     0 | D:5      | 0 ||| qw: Version: 0.1-a-116-g5d60599
     0 | D:5      | 0 ||| qw: Game counter: 9544
     0 | D:5      | 0 ||| qw: Always use a shield: true
     0 | D:5      | 0 ||| qw: God list: Okawaru
     0 | D:5      | 0 ||| qw: Allow faded altars: false
     0 | D:5      | 0 ||| qw: Do Orc after D:15 true
     0 | D:5      | 0 ||| qw: Do second Lair branch before Depths: true
     0 | D:5      | 0 ||| qw: Lair rune preference: random
     0 | D:5      | 0 ||| qw: Plans: Normal
     0 | D:5      | 0 ||| PLANNING D:1-11
    51 | D:5      | Found a sacrificial altar of Ru.
   113 | D:5      | 113 ||| DROPPING scroll of fog.
   114 | D:5      | 114 ||| DROPPING scroll of magic mapping.
   115 | D:5      | 115 ||| DROPPING scroll of fear.
   135 | D:4      | 135 ||| Stepping ~*~*~tactically~*~*~ (hiding).
   237 | D:4      | 237 ||| Stepping ~*~*~tactically~*~*~ (hiding).
   339 | D:4      | 339 ||| Stepping ~*~*~tactically~*~*~ (hiding).
   444 | D:4      | Found an ancient bone altar of Kikubaaqudgha.
   677 | D:4      | Noticed a water elemental
   677 | D:4      | Noticed a black bear
   690 | D:4      | Slain by a black bear

Levels and vault maps discovered:
D:4:      layout_basic, nicolae_qazlal_style_of_elements,
          kiku_gazebo_pond_becter, minmay_temple_entry_glass,
          gammafunk_ghost_icy, uniq_pikel
D:5:      minmay_octagon_keep, layout_loops_corners,
          nicolae_dithmenos_shadow_blocks, nicolae_ru_awakened_eye,
          serial_shops, kennysheep_mini_moat, kennysheep_small_square,
          uniq_edmund, uniq_blork_the_orc

Skill      XL: |  1 |
---------------+----+-----
Axes           | 2 |  2.0
Fighting       | |  3.2
Dodging        | |  1.5
Stealth        | |  5.4

Action                   || total
-------------------------++-------
Melee: Hand axe          ||     8
Armor: Leather armour    ||     4
Dodge: Dodged            ||     3

Table legend:
 A = Non-vault XP
 B = Vault XP
 C = Vault XP percentage of total XP
 D = Non-vault monster count
 E = Vault monster count
 F = Vault count percentage of total count
                 A         B        C        D         E       F
            +---------+---------+-------+---------+---------+-------
      Total |       3 |       0 |   0.0 |       1 |       0 |   0.0
            +---------+---------+-------+---------+---------+-------
        D:4 |       3 |       0 |   0.0 |       1 |       0 |   0.0
            +---------+---------+-------+---------+---------+-------
